 Dungeon Crawl Stone Soup version 0.31-a0-986-g5e6e4ef867 (webtiles) character file.

Game seed: 8130318778776463523

10 croobank the Sneak (level 2, -2/21 HPs)
             Began as an Octopode Delver on Nov 15, 2023.
             Slain by a hobgoblin
             ... wielding a +0 long sword
              (10 damage)
             ... on level 3 of the Dungeon.
             The game lasted 00:01:00 (166 turns).

croobank the Sneak (Octopode Delver)                 Turns: 166, Time: 00:01:00

Health: -2/21      AC:  1    Str: 11    XL:     2   Next: 20%
Magic:  2/2        EV: 13    Int: 12    God:
Gold:   29         SH:  0    Dex: 13    Spells: 1/1 levels left

rFire   . . .        a - +0 short sword
rCold   . . .        (no shield)
rNeg    . . .        (helmet restricted)
rPois   .            (no amulet)
rElec   .            (no ring)
rCorr   .            (no ring)
SInv    .            (no ring)
Will    .....        (no ring)
Stlth   ++++         (no ring)
HPRegen 0.23/turn    (no ring)
MPRegen 0.08/turn    (no ring)
                     (no ring)

%: no passive effects
@: no status effects
A: almost no armour, amphibious, 8 rings, camouflage 1, gelatinous body 1,
(nimble swimmer 1), tentacles
a: no special abilities


You were on level 3 of the Dungeon.
You visited 1 branch of the dungeon, and saw 4 of its levels.

You collected 29 gold pieces.

Inventory:

Hand Weapons
 a - a +0 short sword (weapon)
Wands
 f - a wand of digging (3)
 h - a wand of iceblast (10)
Scrolls
 b - a scroll of fog
 c - a scroll of revelation
 d - a scroll of summoning {unknown}
 g - a scroll of enchant weapon {unknown}
Potions
 e - a potion of haste
 i - a potion of curing {unknown}


   Skills:
 + Level 3.1 Fighting
 + Level 2.2 Short Blades
 + Level 2.2 Dodging
 + Level 6.7 Stealth


You had one spell level left.
You didn't know any spells.
Your spell library was empty.

Dungeon Overview and Level Annotations

Branches:
Dungeon (6/15)
 Temple: D:4-7

Altars:


Innate Abilities, Weirdness & Mutations

You cannot wear most types of armour.
You are amphibious.
You can wear up to eight rings at the same time.
Your skin changes colour to match your surroundings (Stealth+).
Your rubbery body absorbs attacks. (AC +1, EV +1)
((You are camouflaged when in or above water. (Stealth+)))
You have tentacles for arms and can constrict up to eight enemies at once.


Message History

A hobgoblin is nearby!
You now have 9 gold pieces.
There are no items here.
You now have 19 gold pieces (gained 10).
A frilled lizard comes into view.
Found 10 gold pieces.
The helpless frilled lizard fails to defend itself.
You impale the frilled lizard!!
You kill the frilled lizard!
Found a whip.
An endoplasm comes into view.
A kobold comes into view. It is wielding a +0 short sword.
The endoplasm quivers.
You see here 10 gold pieces.
You now have 29 gold pieces (gained 10).
The kobold shouts!
You hear a shout!
The kobold throws a stone.
The stone closely misses you. The endoplasm freezes you.
You are frozen.
You hit the endoplasm but do no damage. The endoplasm freezes you.
You are frozen.
You hit the endoplasm. You squeeze the endoplasm.
You kill the endoplasm!
You hit the kobold but do no damage. Your grab misses the kobold.
The kobold hits you with a +0 short sword.
You hit the kobold. Your grab misses the kobold.
The kobold is severely wounded.
The kobold hits you with a +0 short sword.
You barely miss the kobold. Your grab misses the kobold.
The kobold is severely wounded.
The kobold barely misses you.
You hit the kobold.
You kill the kobold!
You closely miss the hobgoblin. Your grab misses the hobgoblin.
The hobgoblin barely misses you.
You hit the hobgoblin but do no damage. You grab the hobgoblin.
You constrict the hobgoblin.
The hobgoblin hits you with a +0 long sword!
You die...

... ###... ..+.. ##
.# ##.#....### ...
).#.#.....
....###.#....#
......#.#....###
........@g......
#####.#.#.#..###
#.#.#.#..####
##.#.#.#.. ...
#......#.##...######
#..#.###.... ......
#..#......####...#
#. #..##....##...##
.# #.
#..##..........##.#


You could see a hobgoblin.

Vanquished Creatures
  2 endoplasms
  A goblin (D:3)
  2 hobgoblins (D:3)
  2 kobolds (D:3)
  A frilled lizard (D:3)
  A rat (D:3)
9 creatures vanquished.

Notes
Turn   | Place    | Note
-------+----------+-------------------------------------------
     0 | D:5      | croobank the Octopode Delver began the quest for the Orb.
     0 | D:5      | Reached XP level 1. HP: 16/16 MP: 1/1
    78 | D:5      | Noticed a jelly
    92 | D:4      | Noticed a black bear
   122 | D:3      | Reached XP level 2. HP: 11/21 MP: 2/2
   166 | D:3      | Slain by a hobgoblin

Illustrated notes

Levels and vault maps discovered:
D:3:      layout_basic, uniq_jessica
D:4:      layout_rooms, serial_bayou_pond_d, minmay_misc_feat_diagonals
D:5:      layout_basic, mainiacjoe_overflow_cross_hatched, serial_shops, shop,
          nicolae_ossuary_entry_monument
D:6:      layout_loops_ring, minmay_temple_entry_poolview

Action                     || total
---------------------------++-------
  Melee: Short sword       ||    30
         Tentacles         ||     7
         Constrict         ||     5
         Punch             ||     1
    Use: Scroll            ||     1
   Stab: Sleeping          ||     1
 Armour: Skin              ||    11
  Dodge: Dodged            ||    13

Table legend: (Time is in decaauts)
 A = Elapsed time spent in this place.
 B = Non-inter-level travel time spent in this place.
 C = Inter-level travel time spent in this place.
 D = Time resting spent in this place.
 E = Time spent auto-exploring this place.
 F = Levels seen in this place.
 G = Mean time per level.
                   A        B        C        D        E       F      G
               +--------+--------+--------+--------+--------+-----+--------+
         Total |    163 |    163 |      0 |     52 |      0 |   4 |   40.8 |
       Dungeon |    163 |    163 |      0 |     52 |      0 |   4 |   40.8 |
               +--------+--------+--------+--------+--------+-----+--------+

Top non-repeatable levels by time:
     D:5: 65 daAuts
     D:3: 64 daAuts
     D:4: 17 daAuts
     D:6: 16 daAuts
